 Dungeon Crawl Stone Soup version 0.31.0-32-g396128a36d (webtiles) character file.

Game seed: 3450801423711021976

100 PimpSugar the Magician (level 4, -3/31 HPs)
             Began as a Demonspawn Hedge Wizard on Mar 18, 2024.
             Slain by a gnoll
             ... wielding a +0 spear
              (6 damage)
             ... on level 3 of the Dungeon.
             The game lasted 00:09:34 (2289 turns).

PimpSugar the Magician (Demonspawn Hedge Wizard)    Turns: 2289, Time: 00:09:34

Health: -3/31      AC:  5    Str: 11    XL:     4   Next: 46%
Magic:  2/9        EV: 12    Int: 16    God:
Gold:   90         SH:  0    Dex: 12    Spells: 6/10 levels left

rFire   . . .        g - +0 trident
rCold   . . .        (no shield)
rNeg    + . .        b - +0 robe
rPois   .            o - +1 hat
rElec   .            (no cloak)
rCorr   .            (no gloves)
SInv    .            (no boots)
Will    .....        (no amulet)
Stlth   ++           m - ring of positive energy
HPRegen 0.25/turn    (no ring)
MPRegen 0.11/turn

%: no passive effects
@: no status effects
A: horns 1, molten scales 1
a: no special abilities


You were on level 3 of the Dungeon.
You visited 1 branch of the dungeon, and saw 3 of its levels.

You collected 90 gold pieces.

Inventory:

Hand Weapons
 a - a +0 dagger
 g - a +0 trident (weapon)
 p - a +0 rapier
Missiles
 h - 36 stones
 i - 3 boomerangs
Armour
 b - a +0 robe (worn)
 c - a +0 hat
 e - an orb of mayhem
 f - a +0 leather armour
 o - a +1 hat (worn)
Jewellery
 m - a ring of positive energy (left hand)
 r - an amulet of faith
Scrolls
 l - a scroll of teleportation
Potions
 d - a potion of magic
 k - a potion of might {unknown}


   Skills:
 + Level 0.3 Fighting
 + Level 0.1 Short Blades
 + Level 1.2 Polearms
 + Level 2.1 Dodging
 + Level 2.2 Stealth
 + Level 3.9 Spellcasting
 + Level 1.3 Conjurations
 + Level 1.3 Summonings
 + Level 0.8 Necromancy
 + Level 0.8 Translocations


You had 6 spell levels left.
You knew the following spells:

 Your Spells              Type           Power      Damage    Failure   Level
a - Magic Dart            Conj           28%        1d4       10%         1
b - Call Imp              Summ           14%        N/A       14%         2
c - Necrotise             Necr           20%        1d5       12%         1

Your spell library contained the following spells:

 Spells                   Type           Power      Damage    Failure   Level
 Sting                    Conj/Alch      20%        1d4       13%         1
 Slow                     Hex            12%        N/A       17%         1
 Blink                    Tloc           10%        N/A       19%         2
 Cigotuvi's Dreadful Rot  Necr/Alch/Air  8%         N/A       22%         2
 Mercury Vapours          Alch/Air       6%         N/A       26%         2
 Vampiric Draining        Necr           5%         2d6       36%         3
 Mephitic Cloud           Conj/Alch/Air  4%         N/A       38%         3
 Martyr's Knell           Necr/Summ      6%         N/A       71%         4
 Olgreb's Toxic Radiance  Alch           3%         N/A       86%         4
 Curse of Agony           Necr           5%         N/A       98%         5


Dungeon Overview and Level Annotations

Branches:
Dungeon (3/15)

Altars:


Innate Abilities, Weirdness & Mutations

You have a pair of small horns on your head.
You are partially covered in molten scales. (AC +2)


Message History

The gnoll is heavily wounded.
The gnoll closely misses you.
Found a stone staircase leading down.
Your cerulean imp hits the gnoll from afar with a -4 spear.
The gnoll hits your cerulean imp from afar with a +0 spear.
Reach: g) +0 trident
Press: ? - help, Dir - move target, p - gnoll
Okay, then.
Your cerulean imp hits the gnoll but does no damage.
The gnoll hits your cerulean imp from afar with a +0 spear!
Reach: g) +0 trident
Press: ? - help, Dir - move target, f/p - gnoll
Aim: a gnoll, wielding a +0 spear (severely wounded, not watching you, ally target, about 42% to evade your +0 trident)
You reach to attack!
You hit the gnoll.
The gnoll is almost dead.
Your cerulean imp hits the gnoll but does no damage.
The gnoll barely misses you.
The gnoll hits you from afar with a +0 spear.
Your cerulean imp closely misses the gnoll.
Reach: g) +0 trident
Press: ? - help, Dir - move target, f/p - gnoll
Aim: a gnoll, wielding a +0 spear (almost dead, ally target, about 42% to evade your +0 trident)
You reach to attack!
You barely miss the gnoll.
The gnoll is almost dead.
Your cerulean imp hits the gnoll but does no damage.
The gnoll hits you from afar with a +0 spear.
The gnoll hits you from afar with a +0 spear.
* * * LOW HITPOINT WARNING * * *
Your cerulean imp hits the gnoll from afar with a -4 spear.
The gnoll dies!
Reach: g) +0 trident
Press: ? - help, Dir - move target, f - gnoll
Aim: a gnoll, wielding a +0 spear and wearing a ring of poison resistance (lightly wounded, about 42% to evade your +0 trident)
You reach to attack!
You barely miss the gnoll.
The gnoll is lightly wounded.
The gnoll hits you from afar with a +0 spear.
* * * LOW HITPOINT WARNING * * *
Your cerulean imp hits the gnoll but does no damage.
The gnoll hits you from afar with a +0 spear.
You die...

################
.........§gl...#
#####.########)#
##g###### #.#
#.......# #.#
####..####.# #.#
......####.###.######
###...†.....<5g)@...#
#..†.......#.####.#
......#.##...#.# .#
####.#.###.#.#.# .#
#... ...#..^# .#
#$..##..#.#.# .#
......#....#.# .>
..... ........ ..


You could see a gnoll (ally target) and a friendly cerulean imp (summoned).

Vanquished Creatures
  2 gnolls (D:3)
  An adder (D:3)
  2 dart slugs
  2 ribbon worms (D:2)
  An orc (D:2)
  3 ball pythons (D:1)
  3 endoplasms
  4 giant cockroaches (D:1)
  5 goblins (D:1)
  4 hobgoblins
  2 kobolds (D:1)
  4 quokkas
  5 bats
  3 frilled lizards
  4 rats
45 creatures vanquished.

Vanquished Creatures (collateral kills)
  A gnoll (D:3)
  A goblin (D:1)
  A kobold (D:1)
  2 rats (D:1)
5 creatures vanquished.

Grand Total: 50 creatures vanquished

Notes
Turn   | Place    | Note
-------+----------+-------------------------------------------
     0 | D:1      | PimpSugar the Demonspawn Hedge Wizard began the quest for
                  | the Orb.
     0 | D:1      | Reached XP level 1. HP: 13/13 MP: 4/4
   276 | D:1      | Gained mutation: You have a pair of small horns on your
                  | head. [demonic ancestry]
   276 | D:1      | Reached XP level 2. HP: 19/19 MP: 4/6
   396 | D:1      | Learned a level 2 spell: Call Imp
   517 | D:1      | Gained mutation: You are partially covered in molten
                  | scales. (AC +2) [demonic ancestry]
   517 | D:1      | Reached XP level 3. HP: 14/24 MP: 8/8
  1943 | D:2      | Learned a level 1 spell: Necrotise
  2182 | D:3      | Reached skill level 1 in Polearms
  2199 | D:3      | Reached XP level 4. HP: 25/31 MP: 2/9
  2289 | D:3      | Slain by a gnoll

Illustrated notes

Levels and vault maps discovered:
D:1:      dpeg_arrival_simpleton_b, layout_rooms, hangedman_decor_lopped,
          minmay_pentomino_o4
D:2:      layout_basic, minmay_crystal_room, st_stairs_10
D:3:      layout_loops_ring, nicolae_tso_swordbearing_angel, serial_shops,
          nicolae_shop_just_a_little_nook,
          hellmonk_ecumenical_altar_leap_of_faith

Skill      XL: |  1  2  3 |
---------------+----------+-----
Dodging        | 2 |  2.1
Stealth        | 2 |  2.2
Polearms       | 1 |  1.2
Fighting       | |  0.3
Short Blades   | |  0.1
Spellcasting   | |  3.9
Conjurations   | |  1.3
Summonings     | |  1.3
Necromancy     | |  0.8
Translocations | |  0.8

Action                     |  1- 3 |  4- 6 || total
---------------------------+-------+-------++-------
  Melee: Dagger            |    17 |       ||    17
         Trident           |   100 |    17 ||   117
         Headbutt          |    15 |     2 ||    17
         Punch             |     1 |       ||     1
   Cast: Magic Dart        |    31 |     1 ||    32
         Call Imp          |     6 |     3 ||     9
         Necrotise         |     5 |     2 ||     7
    Use: Scroll            |     5 |     1 ||     6
         Potion            |     1 |     2 ||     3
   Stab: Sleeping          |     7 |       ||     7
         Distracted        |     3 |       ||     3
 Armour: Robe              |    85 |    21 ||   106
  Dodge: Dodged            |    88 |    19 ||   107
